 Dungeon Crawl Stone Soup version 0.30.1-3-gfc49f6343a (webtiles) character file.

Game seed: 6144654761643152652

303 Fodor the Covered (level 6, 0/41 (53) HPs)
             Began as a Minotaur Fighter on July 24, 2023.
             Slain by an ogre
             ... wielding a +0 giant spiked club
              (8 damage)
             ... on level 5 of the Dungeon.
             The game lasted 00:13:54 (2188 turns).

Fodor the Covered (Minotaur Fighter)                Turns: 2188, Time: 00:13:54

HP:   0/41 (53)     AC:  8    Str: 22    XL:     6   Next: 15%
MP:   5/5           EV: 10    Int:  5    God:
Gold: 169           SH:  4    Dex: 10    Spells: 5/5 levels left

rFire   . . .        m - +2 hand axe (freeze)
rCold   . . .        c - +0 buckler
rNeg    . . .        b - +0 scale mail
rPois   .            g - +1 hat
rElec   .            (no cloak)
rCorr   .            (no gloves)
SInv    .            (no boots)
Will    .....        (no amulet) Stlth
                     (no ring)
HPRegen 0.26/turn    (no ring)
MPRegen 0.09/turn

%: no passive effects
@: heavily drained
A: horns 2, retaliatory headbutt
a: no special abilities


You were on level 5 of the Dungeon.
You visited 1 branch of the dungeon, and saw 5 of its levels.
You also visited: Sewer.

You collected 169 gold pieces.

Inventory:

Hand Weapons
 a - a +0 long sword
 m - a +2 hand axe of freezing (weapon)
Missiles
 n - 2 throwing nets (quivered)
Armour
 b - a +0 scale mail (worn)
 c - a +0 buckler (worn)
 g - a +1 hat (worn)
Scrolls
 e - 2 scrolls of blinking {unknown}
 f - 4 scrolls of identify {unknown}
 i - a scroll of amnesia {unknown}
 o - a scroll of noise {unknown}
 q - a scroll of fear {unknown}
 t - 2 scrolls of teleportation {unknown}
Potions
 d - 2 potions of might
 h - 2 potions of curing {unknown}
 j - 3 potions of mutation {unknown}
 k - a potion of attraction {unknown}
 l - a potion of heal wounds {unknown}
 p - a potion of haste {unknown}
 r - 2 potions of brilliance {unknown}
 s - a potion of ambrosia {unknown}


   Skills:
 + Level 4.4 Fighting
 + Level 4.0 Long Blades
 + Level 2.1 Axes
 + Level 5.6 Armour
 + Level 1.7 Dodging
 + Level 0.2 Stealth
 + Level 4.5 Shields


You had 5 spell levels left.
You didn't know any spells.
Your spell library contained the following spells:

 Spells                   Type           Power      Damage    Failure   Level
 Lesser Beckoning         Tloc           0%         N/A       94%         2
 Gell's Gravitas          Tloc           0%         N/A       99%         3
 Teleport Other           Tloc           0%         N/A       99%         3


Dungeon Overview and Level Annotations

Branches:
Dungeon (6/15)              Sewer (visited)
 Temple: D:4-7

Altars:
Wu Jian

Shops:
D:2 =


Innate Abilities, Weirdness & Mutations

You have a pair of horns on your head.
You reflexively headbutt those who attack you in melee.


Message History

Something hits you but does no damage.
You feel drained.
You climb upwards.
You hear the hiss of flowing sand.
There is an entrance to an ossuary on this level.
Hurry and find it before the portal is buried!
Reactivating autopickup.
Found 6 stones.
There is a stone staircase leading down here.
Something hits you but does no damage.
You feel drained.
Deactivating autopickup; reactivate with Ctrl-A.
Something hits you but does no damage.
You feel drained.
You hit something. You freeze something. Something hits you but does no damage.
You feel drained.
An ogre comes into view. It is wielding a +0 giant spiked club.
Something hits you.
You feel drained.
You're too confused to move!
The ogre shouts!
Something hits you.
You feel drained.
You hear some strange, mumbled words.
Something tries to affect you, but you resist.
You bump into the rock wall.
Something hits you.
You feel drained.
You bump into the rock wall.
Something hits you but does no damage.
You feel drained. Something hits you but does no damage.
You feel drained.
You feel less confused.
You hit the ogre. You freeze the ogre.
The ogre is lightly wounded.
The ogre hits you with a +0 giant spiked club!
You barely miss the ogre.
The ogre is lightly wounded.
The ogre hits you with a +0 giant spiked club!!
Ouch! That really hurt!
* * * LOW HITPOINT WARNING * * *
You hit the ogre. You freeze the ogre.
The ogre is moderately wounded.
You miss something. Something hits you but does no damage.
You feel drained.
You slash the ogre! You freeze the ogre.
The ogre is severely wounded.
You hit something. You freeze something.
The ogre hits you with a +0 giant spiked club!
You die...

### .## #.### ..
# #... .#
#.#..###.##
###.#..#....#.#
###......#.......
#...........#
#.#..###>#@## #
#.#O# ....#
.#.### #..(.
###.# #.# #.#


You could see an ogre.

Vanquished Creatures
  Pargi (Sewer)
  A sky beast (D:6)
  An orc priest (D:3)
  An orc wizard (D:3)
  An adder (D:3)
  A dart slug (D:2)
  An orc (D:3)
  5 ball pythons
  4 endoplasms
  4 giant cockroaches
  4 goblins
  4 hobgoblins
  6 jackals
  2 kobolds (D:1)
  3 quokkas
  5 bats
  2 frilled lizards (D:1)
  6 rats
52 creatures vanquished.

Notes
Turn   | Place    | Note
-------+----------+-------------------------------------------
     0 | D:1      | Fodor the Minotaur Fighter began the quest for the Orb.
     0 | D:1      | Reached XP level 1. HP: 19/19 MP: 0/0
   157 | D:1      | Reached XP level 2. HP: 24/27 MP: 1/1
   330 | D:1      | Reached skill level 4 in Armour
   662 | D:2      | Reached XP level 3. HP: 33/33 MP: 2/2
   914 | D:2      | Found an ornate altar of the Wu Jian Council.
  1077 | D:2      | Found Dowel's Jewellery Shoppe.
  1649 | D:3      | Found a glowing drain.
  1661 | Sewer    | Entered a sewer
  1720 | Sewer    | Noticed Pargi
  1736 | Sewer    | Killed Pargi
  1737 | Sewer    | Reached skill level 1 in Axes
  1737 | Sewer    | Reached skill level 5 in Armour
  1737 | Sewer    | Reached skill level 1 in Dodging
  1737 | Sewer    | Reached XP level 4. HP: 34/40 MP: 3/3
  1737 | Sewer    | Reached XP level 5. HP: 39/46 MP: 4/4
  2088 | D:3      | You fall into a shaft and drop 3 floors!
  2095 | D:6      | Noticed a sky beast
  2106 | D:6      | Killed a sky beast
  2107 | D:6      | Reached XP level 6. HP: 42/53 MP: 5/5
  2176 | D:5      | Entered Level 5 of the Dungeon
  2188 | D:5      | Slain by an ogre

Illustrated notes

Levels and vault maps discovered:
D:1:      dpeg_chamrin_arrival_tetris, layout_basic
D:2:      layout_basic, basic_altar, serial_shops, nicolae_shop_tiny_glass
D:3:      layout_basic, portal_sewer_entry_e, minivault_11
D:5:      layout_basic, enter_ossuary_4, serial_aquarium, aquarium_bridge_square
          [aquarium_subvault_bridge, aquarium_subvault_window,
          aquarium_subvault_bridge, aquarium_subvault_bridge],
          aquarium_bridge_straight [aquarium_subvault_bridge,
          aquarium_subvault_wall, aquarium_subvault_bridge,
          aquarium_subvault_wall], aquarium_window_fake, aquarium_window_1,
          aquarium_view_2e, aquarium_view_2b, aquarium_balcony_1a, uniq_sigmund
D:6:      layout_basic

Skill      XL: |  1  2  3  4  5 |
---------------+----------------+-----
Armour         | 4 5 |  5.6
Shields        | 4 |  4.5
Long Blades    | 3 4 |  4.0
Fighting       | 4 |  4.4
Axes           | 1 2 |  2.1
Dodging        | 1 |  1.7
Stealth        | |  0.2

Action                     |  1- 3 |  4- 6 || total
---------------------------+-------+-------++-------
  Melee: Long sword        |    43 |       ||    43
         Headbutt          |    15 |     1 ||    16
         Hand axe          |    46 |    19 ||    65
 Armour: Scale mail        |    79 |    10 ||    89
  Dodge: Dodged            |    63 |     5 ||    68
  Block: Buckler           |    34 |     3 ||    37
